 Dungeon Crawl Stone Soup version 0.22.0-38-g04b72b8 (webtiles) character file.

475 Liatris the Chopper (level 6, -4/47 HPs)
             Began as a Demonspawn Gladiator on Aug 29, 2018.
             Splashed by a jelly's acid (7 damage)
             ... on level 3 of the Dungeon.
             The game lasted 00:11:56 (2893 turns).

Liatris the Chopper (Demonspawn Gladiator)          Turns: 2893, Time: 00:11:56

Health: -4/47      AC: -11   Str: 17    XL:     6   Next: 84%
Magic:  6/6        EV: 11    Int:  9    God:
Gold:   167        SH:  0    Dex: 14    Spells: 5/5 levels left

rFire    . . .     SeeInvis .   a - +0 war axe
rCold    . . .     Gourm    .   (no shield)
rNeg     . . .     Faith    .   f - +0 scale mail
rPois    .         Spirit   .   c - +0 helmet
rElec    .         Reflect  .   (no cloak)
rCorr    .         Harm     .   k - +0 pair of gloves
MR       .....                  (no boots)
Stlth    ..........             (no amulet)
HPRegen  0.15/turn              (no ring)
MPRegen  0.10/turn              (no ring)

@: corroded
A: claws 1
a: no special abilities


You were on level 3 of the Dungeon.
You were not hungry.

You visited 1 branch of the dungeon, and saw 3 of its levels.

You collected 167 gold pieces.

Inventory:

Hand Weapons
 a - a +0 war axe (weapon)
Missiles
 d - 3 throwing nets (quivered)
Armour
 b - a +0 leather armour
 c - a +0 helmet (worn)
 f - a +0 scale mail (worn)
 k - a +0 pair of gloves (worn)
Jewellery
 h - an uncursed ring of protection from fire {unknown}
Scrolls
 e - a scroll of teleportation
 j - a scroll of remove curse
Potions
 g - 3 potions of cancellation
Comestibles
 i - 2 rations


   Skills:
 + Level 3.3 Fighting
 + Level 5.6 Axes
 + Level 1.8 Throwing
 + Level 1.8 Armour
 + Level 3.6 Dodging
 + Level 0.3 Stealth


You had 5 spell levels left.
You didn't know any spells.
Your spell library was empty.

Dungeon Overview and Level Annotations

Branches:
Dungeon (3/15)

Altars:

Annotations:
D:2 1 runed door


Innate Abilities, Weirdness & Mutations

You have sharp fingernails.


Message History

The ooze barely misses you. The ooze hits you.
You slash the ooze!
You kill the ooze!
You hit the jelly.
Your hands burn!
The jelly is lightly wounded.
The jelly barely misses you.
You hit the jelly but do no damage. The acid corrodes you!
Your hands burn!
The jelly barely misses you. The jelly closely misses you.
You are too injured to fight recklessly!
You are too injured to fight recklessly!
You hit the jelly but do no damage. The acid corrodes you!
Your hands burn!
The jelly hits you. The acid corrodes you!
You are splashed with acid!
The acid burns!
* * * LOW HITPOINT WARNING * * *
You hit the jelly but do no damage.
Your hands burn!
* * * LOW HITPOINT WARNING * * *
The jelly hits you.
* * * LOW HITPOINT WARNING * * *
You are splashed with acid!
The acid burns!
You die...

#####..# ### ##......##.##(#
....#..# ############....#
..#.#..##$..÷..##.####### #((...
..# #..##.J÷JJP#.#.#....####.....
..# #..##..÷...#.#.#.....##).....
..+ ..##P÷....#.#'#......)..####
..# #.##.JJJ..#.#........'..#...
..+ ..##.÷P.JJ#.#........'..'...
..# ##.##......#@#.......##..#...
.......##..P.JJJ##......###..####
######.##.....J############.##
.......######## ######..#####
######.#############.....>.......
####...............####.#......
###....#.....######..# #........
.......#.....###.....# #........
###...##......##.##..#..#........


You could see a jelly and 3 oozes.

Vanquished Creatures
  Sigmund (D:2)
  2 jellies (D:3)
  A bullfrog skeleton (D:3)
  Robin (D:2)
  6 adders
  3 gnolls (D:2)
  8 oozes
  3 worms
  3 leopard geckos
  2 giant cockroaches
  11 hobgoblins
  9 jackals (D:2)
  4 quokkas
  A ball python (D:1)
  9 bats
  6 frilled lizards
  9 goblins
  11 kobolds
  9 rats
99 creatures vanquished.

Vanquished Creatures (others)
  A fungus (D:3)
  11 toadstools (D:3)
12 creatures vanquished.

Grand Total: 111 creatures vanquished

Notes
Turn   | Place    | Note
-------+----------+-------------------------------------------
     0 | D:1      | Liatris the Demonspawn Gladiator began the quest for the Orb.
     0 | D:1      | Reached XP level 1. HP: 16/16 MP: 1/1
   165 | D:1      | Reached skill level 3 in Axes
   165 | D:1      | Gained mutation: You have sharp fingernails. [demonic ancestry]
   165 | D:1      | Reached XP level 2. HP: 22/22 MP: 2/2
   689 | D:1      | Reached XP level 3. HP: 27/27 MP: 3/3
  1134 | D:2      | Noticed Robin
  1166 | D:2      | Reached XP level 4. HP: 16/33 MP: 4/4
  1172 | D:2      | Killed Robin
  1172 | D:2      | Reached skill level 4 in Axes
  1381 | D:2      | Reached skill level 1 in Armour
  1678 | D:2      | Noticed Sigmund
  1799 | D:2      | Killed Sigmund
  1799 | D:2      | Reached skill level 5 in Axes
  1799 | D:2      | Reached XP level 5. HP: 14/41 MP: 5/5
  1799 | D:2      | Reached XP level 6. HP: 16/47 MP: 6/6
  2218 | D:2      | Found a runed door.
  2893 | D:3      | Splashed by a jelly's acid

Skill      XL: |  1  2  3  4 |
---------------+-------------+-----
Axes           | 3 5 |  5.6
Dodging        | 3 |  3.6
Armour         | 1 |  1.8
Fighting       | 3 |  3.3
Throwing       | |  1.8
Stealth        | |  0.3

Action                   |  1- 3 |  4- 6 || total
-------------------------+-------+-------++-------
Melee: War axe           |   127 |   180 ||   307
Throw: Throwing net      |       |     1 ||     1
  Use: Potion            |     3 |       ||     3
       Scroll            |       |     5 ||     5
  Eat: Ration            |     1 |     1 ||     2
Armor: Leather armour    |    31 |       ||    31
       Scale mail        |    15 |    70 ||    85
Dodge: Dodged            |    92 |   117 ||   209
